Map: Backwater LE

Players

PasT - Winner!

  • Race: Zerg Zerg
  • League: Master
  • Spawn Location: 5:00

A.I. 2 (Elite)

  • Race: Terran Terran
  • Spawn Location: 11:00

VOD

Have the link to the VOD?

Description

Time

  • Played on: April 12, 2018, 11 p.m.
  • Length: 7:09
Show
View Real Time Build Order
Export as new Build Order

PasT Zerg - Winner!

Build Orders: Hatch First 

Get SALT Encoding   

  12  0:00  Drone  
  13  0:13  Overlord  
  13  0:19  Drone  
  14  0:31  Drone x2  
  14  0:35  Drone  
  17  0:53  Hatchery  
  17  0:55  Drone  
  17  0:58  Drone  
  17  1:01  Extractor  
  17  1:14  Spawning Pool  
  17  1:17  Drone  
  17  1:20  Drone  
  18  1:28  Drone  
  19  1:40  Overlord  
  19  1:50  Drone  
  20  2:01  Metabolic Boost, Queen  
  20  2:03  Zergling x2  
  20  2:05  Queen  
  25  2:09  Zergling x2  
  25  2:11  Zergling x2  
  27  2:16  Drone  
  27  2:22  Drone  
  29  2:27  Drone  
  30  2:37  Queen  
  30  2:41  Queen  
  30  2:43  Overlord  
  34  2:45  Overlord  
  34  2:48  Drone  
  34  2:51  Drone  
  36  3:06  Hatchery  
  36  3:08  Drone  
  36  3:10  Drone  
  36  3:12  Drone  
  38  3:17  Drone  
  38  3:18  Drone  
  38  3:19  Drone  
  40  3:21  Drone  
  40  3:23  Drone  
  40  3:25  Drone  
  43  3:28  Drone  
  43  3:30  Extractor  
  43  3:39  Roach Warren  
  42  3:53  Overlord x4  
  42  4:19  Roach x9  
  42  4:21  Roach  
  62  4:25  Zergling x4  
  62  4:27  Zergling x2  
  65  4:31  Zergling x4  
  65  4:34  Zergling x2  
  65  4:35  Zergling x2  
  69  4:39  Zergling x2  
  69  4:43  Zergling x2  
  69  4:45  Zergling x2  
  72  4:47  Lair  
  72  4:50  Drone  
  72  4:51  Drone  
  74  4:53  Drone  
  74  4:55  Drone  
  74  4:57  Drone  
  74  4:58  Drone  
  78  5:01  Drone  
  78  5:04  Extractor  
  78  5:05  Extractor x2  
  78  5:06  Drone  
  77  5:09  Drone  
  77  5:11  Drone  
  77  5:13  Ravager x2  
  82  5:14  Ravager  
  79  5:32  Drone x5  
  79  5:35  Drone x3  
  82  5:39  Drone  
  82  5:40  Drone  
  82  5:41  Overlord  
  82  5:42  Overlord  
  79  5:53  Evolution Chamber, Hydralisk Den  
  79  5:56  Drone x2, Evolution Chamber  
  78  6:01  Drone x2  
  80  6:07  Drone x3  
  80  6:09  Drone  
  84  6:12  Drone  
  84  6:13  Drone x2  
  84  6:17  Drone x2  
  84  6:18  Drone  
  90  6:33  Drone x2  
  90  6:34  Drone  
  90  6:36  Hydralisk  
  90  6:38  Hydralisk  
  97  6:40  Overlord  
  97  6:43  Overlord  
  97  6:46  Overlord  
Show
View Real Time Build Order
Export as new Build Order

A.I. 2 (Elite) Terran 

Build Orders: Mech 

Get SALT Encoding   

  12  0:00  SCV  
  13  0:13  SCV  
  14  0:19  Supply Depot  
  14  0:25  SCV  
  15  0:40  SCV  
  15  0:42  Barracks  
  16  0:52  SCV  
  17  1:04  SCV  
  18  1:16  SCV  
  18  1:17  Supply Depot  
  19  1:21  Refinery  
  19  1:28  SCV, Marine  
  21  1:41  SCV  
  21  1:46  Marine  
  23  1:50  Refinery  
  23  1:53  SCV  
  24  2:04  Marine  
  24  2:05  SCV  
  26  2:17  SCV  
  26  2:21  Factory  
  26  2:22  Marine  
  28  2:29  SCV  
  29  2:39  Factory  
  29  2:40  Marine  
  29  2:41  SCV  
  29  2:43  Supply Depot  
  31  2:54  Orbital Command  
  31  3:04  Factory Tech Lab, Marine  
  32  3:19  SCV  
  33  3:22  Marine  
  33  3:23  Command Center, Factory Tech Lab  
  34  3:31  SCV  
  35  3:43  SCV  
  36  3:55  SCV  
  37  4:03  Barracks  
  37  4:08  SCV  
  38  4:11  Supply Depot  
  38  4:20  SCV  
  39  4:32  Siege Tank, SCV  
  39  4:33  Siege Tank  
  39  4:34  Supply Depot  
  39  4:35  SCV, Marine  
  48  4:45  SCV  
  49  4:47  Supply Depot, SCV  
  50  4:57  SCV  
  50  4:59  SCV  
  52  5:04  Siege Tank  
  52  5:05  Siege Tank  
  58  5:09  SCV  
  58  5:11  SCV  
  60  5:15  Barracks Tech Lab  
  60  5:21  SCV  
  61  5:23  Factory, SCV  
  61  5:33  Marine  
  48  5:35  Marine  
  48  5:37  Siege Tank, Hellion  
  48  5:51  Marine  
  48  5:53  Marine  
  40  5:58  Hellion  
  35  6:09  SCV, Marine, Hellion  
  35  6:11  Marine  
  28  6:19  Siege Tank  
  24  6:27  Marine  
Tags
 
Composition
Mech
League
Master
Matchup
TvZ
Spawn Locations
Cross Positions
Add a new tag
Caveats
  • Supply blocks, unpowered buildings, or Contaminate may cause inaccurate times.
  • Supply counts are checked every 10 seconds.